 Dungeon Crawl Stone Soup version 0.17.1-2-g5865329 (webtiles) character file.

176 Tomstefer the Covered (level 5, -2/47 HPs)
             Began as a Minotaur Fighter on Feb 8, 2016.
             Slain by a sky beast (6 damage)
             ... on level 4 of the Dungeon.
             The game lasted 00:08:51 (2236 turns).

Tomstefer the Covered (Minotaur Fighter)            Turns: 2236, Time: 00:08:52

Health: -2/47      AC:  8    Str: 21    XL:     5   Next: 30%
Magic:  4/4        EV:  7    Int:  5    God:
Gold:   145        SH:  9    Dex: 10    Spells: 0 memorised, 4 levels left

rFire  . . .     SeeInvis .     a - +0 long sword
rCold  . . .     Clarity  .     b - +0 scale mail
rNeg   . . .     SustAt   .     c - +0 shield
rPois  .         Gourm    .     (helmet restricted)
rElec  .         Spirit   .     (no cloak)
rCorr  +         Warding  .     (no gloves)
rMut   .         Stasis   .     i - +0 pair of boots (curse)
MR     .....                    o - amulet of resist corrosion
Stlth  +.........               (no ring)
                                n - ring of stealth

@: not resistant to hostile enchantments, very unstealthy
A: retaliatory headbutt, horns 2
a: no special abilities


You were on level 4 of the Dungeon.
You were hungry.

You visited 1 branch of the dungeon, and saw 4 of its levels.

You collected 145 gold pieces.

Inventory:

Hand Weapons
 a - a +0 long sword (weapon)
Armour
 b - a +0 scale mail (worn)
 c - a +0 shield (worn)
 i - a cursed +0 pair of boots (worn)
Jewellery
 n - a ring of stealth (left hand)
 o - an amulet of resist corrosion (around neck)
Wands
 s - a wand of fire (1)
Scrolls
 l - a scroll of noise {unknown}
Potions
 d - a potion of might
 g - a potion of curing {unknown}
 h - 2 potions of heal wounds {unknown}
 j - a potion of brilliance {unknown}
 k - a potion of magic {unknown}
 q - a potion of agility {unknown}
Comestibles
 e - 2 bread rations
 f - 2 meat rations
 m - a beef jerky
 p - 2 chunks of flesh
 r - a slice of pizza


   Skills:
 + Level 4.8 Fighting
 * Level 4.2 Long Blades
 + Level 5.0 Armour
 + Level 4.1 Shields


You had 4 spell levels left.
You didn't know any spells.

Dungeon Overview and Level Annotations

Branches:
Dungeon (4/15)
 Temple: D:4-7

Altars:
Cheibriados


Innate Abilities, Weirdness & Mutations

You reflexively headbutt those who attack you in melee.
You have a pair of horns on your head.


Message History

You barely miss something. Something hits you but does no damage.
Something hits you. Something shocks you.
You hit something. Something hits you. Something shocks you.
You are feeling hungry.
You miss something. Something hits you. Something shocks you.
* * * LOW HITPOINT WARNING * * *
You completely miss something.
A sky beast appears from thin air!
Reactivating autopickup.
The sky beast hits you.
* * * LOW HITPOINT WARNING * * *
The sky beast shocks you.
* * * LOW HITPOINT WARNING * * *
You slash the sky beast! Your headbutt misses the sky beast.
The sky beast is severely wounded.
The sky beast flickers out of sight!
Deactivating autopickup; reactivate with Ctrl-A.
Something hits you.
* * * LOW HITPOINT WARNING * * *
Something shocks you.
You die...

#..?%. #.. #..... #..
#..?.. ..#.. ##.....##
#.... .....>..# ###.#.#
.######.### ##.#.#.#
#.#.# #<...... #{#.#
#...#.# #@#.# #...#.#
#.#.# #...#.#
######.#.####.#.#.....#
.........#.......#..<...
#########.#########.####
#........)..#
#############


There were no monsters in sight!

Vanquished Creatures
  The ghost of emiel the Sneak, a weakling FoAs (D:3)
  7 adders
  A worm (D:2)
  A giant gecko (D:2)
  2 orcs (D:3)
  2 ball pythons
  9 bats
  3 giant cockroaches
  6 hobgoblins
  11 jackals (D:1)
  A quokka (D:2)
  2 giant newts
  5 goblins (D:1)
  5 kobolds
  10 rats
66 creatures vanquished.

Notes
Turn   | Place    | Note
--------------------------------------------------------------
     0 | D:1      | Tomstefer the Minotaur Fighter began the quest for the Orb.
     0 | D:1      | Reached XP level 1. HP: 19/19 MP: 0/0
   181 | D:1      | Reached skill level 4 in Armour
   181 | D:1      | Reached XP level 2. HP: 25/27 MP: 1/1
   525 | D:1      | Reached XP level 3. HP: 33/33 MP: 2/2
  1230 | D:2      | Found a snail-covered altar of Cheibriados.
  1382 | D:2      | Reached XP level 4. HP: 41/41 MP: 3/3
  1892 | D:3      | Noticed emiel's ghost (weakling FoAs)
  1904 | D:3      | Killed emiel's ghost
  1904 | D:3      | Reached XP level 5. HP: 43/47 MP: 4/4
  1987 | D:3      | You fall through a shaft!
  2001 | D:4      | Reached skill level 5 in Armour
  2220 | D:4      | Noticed a sky beast
  2236 | D:4      | Slain by a sky beast

Action                   |  1- 3 |  4- 6 || total
-------------------------+-------+-------++-------
Melee: Long sword        |   110 |    72 ||   182
  Eat: Chunk             |     2 |     2 ||     4
